 Dungeon Crawl Stone Soup version 0.14-a0-445-g388476e (webtiles) character file.

13793 PolkaDot the Grappler (level 11, 0/96 HPs)
             Began as a Troll Death Knight on Oct 30, 2013.
             Was a High Priest of Yredelemnul.
             Succumbed to a giant centipede's poison
             ... on Level 13 of the Dungeon.
             The game lasted 00:48:12 (9842 turns).

PolkaDot the Grappler (Troll Death Knight)          Turns: 9842, Time: 00:48:13

HP   0/96        AC  8     Str 23      XL: 11   Next: 76%
MP  13/20        EV  9     Int  7      God: Yredelemnul [*****.]
Gold 267         SH  0     Dex 12      Spells:  0 memorised, 10 levels left

Res.Fire  : . . .   See Invis. : .     - Unarmed
Res.Cold  : . . .   Warding    : .   b - +0 robe (curse)
Life Prot.: . . .   Conserve   : .   (shield restricted)
Res.Poison: .       Res.Corr.  : .   (helmet restricted)
Res.Elec. : .       Clarity    : .   l - +0 cloak
Sust.Abil.: + .     Spirit.Shd : +   (gloves unavailable)
Res.Mut.  : .       Stasis     : .   (boots unavailable)
Res.Rott. : .       Flight     : .   d - cursed amulet of guardian spirit
Gourmand  : +                        (no ring)
                                     E - ring of sustain abilities

@: non-regenerating, mildly poisoned, diseased, very slightly contaminated,
somewhat resistant to hostile enchantments, unstealthy
A: unfitting armour, claws 3, fast metabolism 3, gourmand, -10% mp, mutation
resistance 1, regeneration 2, saprovore 2, tough skin 2, AC +3
a: Animate Dead, Recall Undead Slaves, Injury Mirror, Drain Life, Enslave Soul,
Renounce Religion


You were on level 13 of the Dungeon.
You worshipped Yredelemnul.
Yredelemnul was extremely pleased with you.
You were not hungry.

You visited 1 branch of the dungeon, and saw 13 of its levels.
You also visited: Ossuary.

You collected 247 gold pieces.

Inventory:

Armour
 b - a cursed +0 robe (worn)
 l - a +0 cloak (worn)
Magical devices
 w - a wand of digging (10)
 A - a wand of draining (6)
 F - a wand of cold (6)
 K - a wand of draining (3)
 P - a wand of cold (6)
Comestibles
 a - 5 meat rations
 c - 10 bread rations
 f - 7 sultanas
 h - a choko
 D - 17 cheeses
 G - a rambutan
Scrolls
 e - a scroll of immolation {unknown}
 g - 3 scrolls of fog {unknown}
 i - 8 scrolls of remove curse {unknown}
 j - a scroll of enchant weapon III {unknown}
 k - 2 scrolls of curse weapon {unknown}
 m - 2 scrolls of blinking
 n - 3 scrolls of fear {unknown}
 q - 3 scrolls of random uselessness {unknown}
 r - a scroll of amnesia
 s - 2 scrolls of enchant weapon II {unknown}
 t - a scroll of noise {unknown}
 v - 2 scrolls of enchant armour {unknown}
 y - a scroll of curse jewellery {unknown}
 z - 7 scrolls of teleportation {unknown}
 B - 4 scrolls of recharging {unknown}
 C - 2 scrolls of enchant weapon I
 R - 2 scrolls of identify
Jewellery
 d - a cursed amulet of guardian spirit (around neck)
 E - a ring of sustain abilities (left claw)
 M - an uncursed ring of poison resistance {unknown}
 N - an uncursed ring of poison resistance {unknown}
 Q - an uncursed ring of ice {unknown}
Potions
 o - a potion of brilliance
 p - 2 potions of restore abilities
 u - a potion of heal wounds
 H - a potion of degeneration
 I - 2 potions of flight
 J - a potion of blood
 L - a potion of resistance {unknown}
Books
 x - a book of Alchemy

   Spells                             Type                      Level
   Lethal Infusion                    Charms/Necromancy            2
   Sublimation of Blood               Necromancy                   2
   Condensation Shield                Ice                          4
   Alistair's Intoxication            Transmutation/Poison         4
   Petrify                            Transmutation/Earth          4
   Ignite Poison                      Fire/Transmutation           5
 O - a book of Hinderance

   Spells                             Type                      Level
   Confusing Touch                    Hexes                        1
   Slow                               Hexes                        2
   Confuse                            Hexes                        3
   Petrify                            Transmutation/Earth          4
   Leda's Liquefaction                Hexes/Earth                  4
   Metabolic Englaciation             Hexes/Ice                    6


   Skills:
 * Level 2.6 Fighting
 - Level 1.2 Dodging
 + Level 13.0 Unarmed Combat
 - Level 12.4 Invocations


You had 10 spell levels left.
You didn't know any spells.

Dungeon Overview and Level Annotations

Branches:
Dungeon (13/27)            Temple (0/1) D:4             Orc (0/4) D:6
   Lair (0/8) D:10

Altars:
Elyvilon
the Shining One
Beogh

Shops:
D:8 (   D:10 =   D:13 *

Annotations:
D:9 Maurice
D:10 Sonja


Innate Abilities, Weirdness & Mutations

You are too large for most types of armour.
You have claws for hands.
Your metabolism is lightning-fast.
You like to eat raw meat.
You heal very quickly.
You can eat rotten meat.
You are covered in fur (AC +1).
You have very tough skin (AC +2).
You are partially covered in thin metallic scales (AC +2).
Your magical capacity is low (-10% MP).
You are somewhat resistant to further mutation.


Message History

Press: ? - help, Dir - move target cursor
As you read the scroll of blinking, it crumbles to dust.
Found a bread ration.
Found Uteihabe's General Store.
* * * LOW HITPOINT WARNING * * *
You feel sick.
* * * LOW HITPOINT WARNING * * *
You feel sick.
* * * LOW HITPOINT WARNING * * *
You feel sick.
You feel a little better.
You see here a potion of heal wounds.
The giant frog closely misses you.
There is an open door here.
Read which item? (? for menu, Esc to quit)
Blink to where?
Press: ? - help, Dir - move target cursor
As you read the scroll of blinking, it crumbles to dust.
You see here a tomahawk of returning.
You die...
Your body rises from the dead as a mindless zombie.

### #.######## #......n.#
#############.######.#
#......n...Z..#.@.<#.#
#.#############(####.# #.#
#.....# #.# #ยง# #.....#
#.# #...## #.....####.#
#...+.% #.....Z....#
#.....# #...)#######
#.....# #...F#
#..8..###:#....#########..


You could see a giant frog.

Vanquished Creatures
  An unseen horror (D:12)
  A hill giant (D:12)
  A cyclops (D:12)
  A yellow wasp (D:12)
  Psyche (D:9)
  A troll (D:11)
  A feature mimic (D:11)
  A catoblepas zombie (D:12)
  A slime creature (D:12)
  A flying skull (D:12)
  A shadow (D:12)
  A wraith (D:11)
  A hill giant zombie (D:13)
  2 wyverns
  2 hippogriffs (D:9)
  2 hungry ghosts
  6 yaks
  A hill giant skeleton (D:12)
  A deep elf fighter (D:10)
  2 soldier ants (D:12)
  5 orc warriors
  4 phantoms
  2 black bears
  2 ice beasts
  4 sky beasts
  2 centaurs
  6 ogres
  Sigmund (D:4)
  4 giant frogs
  A gnoll sergeant (D:11)
  A big kobold (D:12)
  A wyvern zombie (D:11)
  2 hippogriff zombies
  A troll skeleton (D:11)
  9 killer bees
  4 goliath beetles
  8 crimson imps
  13 wights
  7 hounds
  3 quasits
  A basilisk zombie (D:11)
  A big fish (D:5)
  A giant frog zombie (D:11)
  Crazy Yiuf (D:2)
  A two-headed ogre zombie (D:11)
  3 iguanas
  5 jellies
  4 orc wizards
  2 scorpions
  6 orc priests
  A giant frog skeleton (D:4)
  9 worker ants
  A killer bee zombie (D:7)
  An orange rat (D:8)
  8 big kobold zombies
  An ogre zombie (D:5)
  A sky beast zombie (D:9)
  A hound skeleton (D:10)
  A mummy (D:11)
  4 green rats
  12 adders
  5 gnolls (D:11)
  4 giant centipedes
  3 giant mites (D:5)
  An inept feature mimic (Ossuary)
  5 worms
  4 grey rats (D:8)
  6 giant geckos
  An ooze (D:2)
  34 orcs
  A spectral bat (Ossuary)
  A bat skeleton (D:10)
  A bat zombie (D:10)
  10 giant cockroaches
  15 hobgoblins
  7 jackals
  12 kobolds
  9 quokkas
  A ball python (D:3)
  17 bats
  3 giant newts
  A giant newt skeleton (D:4)
  A giant newt zombie (D:5)
  A giant spore (D:12)
  6 gnoll zombies (Ossuary)
  8 goblins
  A goblin simulacrum (Ossuary)
  3 goblin zombies (Ossuary)
  A hobgoblin skeleton (D:5)
  A hobgoblin zombie (Ossuary)
  A jackal zombie (D:4)
  2 kobold simulacra (Ossuary)
  5 kobold zombies (Ossuary)
  9 orc zombies
  A quokka skeleton (D:5)
  22 rats
  3 rat simulacra (Ossuary)
  6 spectral goblins (Ossuary)
  A spectral kobold (Ossuary)
  3 spectral rats (Ossuary)
  2 ballistomycetes
  A plant (D:12)
393 creatures vanquished.

Vanquished Creatures (collateral kills)
  Joseph (D:8)
  2 orc warriors (D:8)
  A phantasmal warrior (D:12)
  A yaktaur (D:12)
  A komodo dragon (D:12)
  An ugly thing (D:12)
  A griffon zombie (D:12)
  A flying skull (D:12)
  A steam dragon (D:8)
  A manticore (D:9)
  A sky beast (D:10)
  An ogre (D:9)
  A centaur (D:11)
  A yaktaur zombie (D:12)
  A cyclops skeleton (D:12)
  6 killer bees
  2 wights (D:9)
  A crimson imp (D:9)
  A centaur skeleton (D:12)
  A hound (D:9)
  A soldier ant zombie (D:12)
  An orc priest (D:8)
  2 orc wizards (D:8)
  A mummy (D:11)
  A gnoll (D:11)
  An adder (D:8)
  A green rat (D:8)
  15 orcs
  A goblin (D:6)
  A kobold (D:6)
  5 bats
  2 rats (D:10)
59 creatures vanquished.

Vanquished Creatures (others)
  A flaming corpse (D:12)
  8 flying skulls
  2 wraiths (D:12)
  A komodo dragon zombie (D:12)
  A manticore zombie (D:9)
  A yak zombie (D:10)
  A hippogriff zombie (D:9)
  A wight (D:12)
  A giant frog zombie (D:12)
  An orc wizard (D:8)
  A mummy (D:12)
  2 bat zombies (D:10)
  2 gnoll zombies (D:11)
  A green rat zombie (D:10)
  A giant spore (D:7)
  A goblin zombie (Ossuary)
  A kobold zombie (D:7)
  6 orc zombies
  2 quokka skeletons
  3 rat zombies (D:10)
38 creatures vanquished.

Grand Total: 490 creatures vanquished

Notes
Turn   | Place    | Note
--------------------------------------------------------------
     0 | D:1      | PolkaDot, the Troll Death Knight, began the quest for the Orb.
     0 | D:1      | Reached XP level 1. HP: 20/20 MP: 2/2
   304 | D:1      | Reached XP level 2. HP: 22/28 MP: 2/2
   395 | D:1      | Found a glowing golden altar of the Shining One.
   471 | D:1      | Reached skill level 3 in Unarmed Combat
   709 | D:2      | Reached XP level 3. HP: 35/35 MP: 4/4
   883 | D:2      | Reached skill level 4 in Unarmed Combat
   954 | D:2      | Reached XP level 4. HP: 39/42 MP: 3/4
   963 | D:2      | Acquired Yredelemnul's second power
  1098 | D:2      | Noticed Crazy Yiuf
  1103 | D:2      | Killed Crazy Yiuf
  1103 | D:2      | Reached skill level 5 in Unarmed Combat
  1869 | D:4      | Reached XP level 5. HP: 47/49 MP: 5/5
  1980 | D:4      | Reached skill level 6 in Unarmed Combat
  1998 | D:4      | Noticed a phantom
  2016 | D:4      | Killed a phantom
  2016 | D:4      | Reached XP level 6. HP: 54/58 MP: 4/6
  2136 | D:4      | Reached skill level 7 in Unarmed Combat
  2147 | D:4      | Found a sand-covered staircase.
  2159 | Ossuary  | Entered an ossuary
  2319 | Ossuary  | Reached XP level 7. HP: 62/65 MP: 5/6
  2696 | D:4      | Reached skill level 8 in Unarmed Combat
  2790 | D:4      | Noticed Sigmund
  2803 | D:4      | Killed Sigmund
  2985 | D:4      | Found a staircase to the Ecumenical Temple.
  2985 | D:4      | Noticed an ogre
  2988 | D:4      | Killed an ogre
  3156 | D:5      | Entered Level 5 of the Dungeon
  3253 | D:5      | Found a white marble altar of Elyvilon.
  3272 | D:5      | Reached skill level 9 in Unarmed Combat
  3272 | D:5      | Reached XP level 8. HP: 69/74 MP: 6/7
  3343 | D:5      | Acquired Yredelemnul's third power
  3912 | D:6      | Acquired Yredelemnul's fourth power
  3913 | D:6      | Found a staircase to the Orcish Mines.
  3957 | D:6      | Reached skill level 10 in Unarmed Combat
  3973 | D:6      | Reached skill level 5 in Invocations
  4174 | D:6      | Reached XP level 9. HP: 75/80 MP: 13/13
  4670 | D:7      | Received a gift from Yredelemnul
  5009 | D:8      | Gained mutation: Your magical capacity is low (-10% MP). [mutagenic meat]
  5010 | D:8      | Gained mutation: You are somewhat resistant to further mutation. [mutagenic meat]
  5228 | D:8      | Received a gift from Yredelemnul
  5337 | D:8      | Noticed Joseph
  5343 | D:8      | Killed Joseph
  5343 | D:8      | Reached skill level 11 in Unarmed Combat
  5444 | D:8      | Reached XP level 10. HP: 49/89 MP: 1/16
  5452 | D:8      | HP: 6/133 [orc wizard/puff of flame (11)]
  5513 | D:8      | Found a roughly hewn altar of Beogh.
  5597 | D:8      | Received a gift from Yredelemnul
  5825 | D:8      | Found Waha's Antique Weapon Boutique.
  6099 | D:9      | Noticed Psyche
  6105 | D:9      | Killed Psyche
  6452 | D:9      | Acquired Yredelemnul's fifth power
  6456 | D:9      | Noticed Maurice
  6991 | D:10     | Entered Level 10 of the Dungeon
  7049 | D:10     | Reached skill level 10 in Invocations
  7115 | D:10     | Received a gift from Yredelemnul
  7154 | D:10     | Found a staircase to the Lair.
  7300 | D:10     | Noticed Sonja
  7335 | D:10     | Found Unufad's Jewellery Emporium.
  7338 | D:10     | Reached skill level 12 in Unarmed Combat
  7538 | D:10     | Gained mutation: You are partially covered in thin metallic scales (AC +2). [mutagenic meat]
  8210 | D:11     | Received a gift from Yredelemnul
  8239 | D:11     | Reached XP level 11. HP: 50/96 MP: 12/18
  8385 | D:11     | Received a gift from Yredelemnul
  8627 | D:11     | Found Chingaen's Jewellery Shop.
  8629 | D:11     | Chingaen's Jewellery Shop was a mimic.
  8771 | D:11     | Received a gift from Yredelemnul
  9100 | D:12     | Received a gift from Yredelemnul
  9141 | D:12     | Noticed an unseen horror
  9141 | D:12     | Killed an unseen horror
  9245 | D:12     | Noticed a hill giant
  9255 | D:12     | Killed a hill giant
  9474 | D:12     | Reached skill level 13 in Unarmed Combat
  9746 | D:13     | Noticed a plague shambler
  9792 | D:13     | Noticed a ghoul
  9825 | D:13     | HP: 4/96 [poisoned by a giant centipede]
  9826 | D:13     | Found Uteihabe's General Store.
  9830 | D:13     | HP: 2/96 [poisoned by a giant centipede]
  9842 | D:13     | Succumbed to a giant centipede's poison

Action                   |  1- 3 |  4- 6 |  7- 9 | 10-12 || total
-------------------------+-------+-------+-------+-------++-------
Melee: Unarmed           |    95 |   162 |   429 |   579 ||  1265
Invok: Animate Dead      |       |       |    14 |    23 ||    37
       Enslave Soul      |       |       |       |     2 ||     2
       Drain Life        |       |       |       |     1 ||     1
       Recall Undead Sla |       |       |       |     5 ||     5
Evoke: Wand              |       |       |       |     3 ||     3
  Use: Potion            |       |     2 |     5 |    10 ||    17
       Scroll            |       |       |     9 |     9 ||    18
 Stab: Sleeping          |       |     1 |     1 |     1 ||     3
       Distracted        |       |       |       |     3 ||     3
       Invisible         |       |       |       |     3 ||     3
       Confused          |       |       |       |     1 ||     1
